Map: Interloper LE

Players

Judiasmon

  • Race: Zerg Zerg
  • League: Gold
  • Spawn Location: 11:00

scplayeer - Winner!

  • Race: Protoss Protoss
  • League: Gold
  • Spawn Location: 5:00

VOD

Have the link to the VOD?

Description

Time

  • Played on: Oct. 25, 2017, 12:52 a.m.
  • Length: 19:57
Show
View Real Time Build Order
Export as new Build Order

Judiasmon Zerg 

Build Orders: Pool First 

Get SALT Encoding   

  12  0:07  Drone  
  12  0:09  Drone  
  14  0:18  Overlord  
  14  0:37  Drone x2  
  14  0:40  Drone  
  17  1:17  Drone x2  
  17  1:18  Spawning Pool, Drone  
  19  1:24  Extractor  
  18  1:30  Drone  
  19  1:41  Hatchery  
  19  1:46  Drone  
  19  1:56  Overlord  
  19  2:02  Drone  
  19  2:05  Queen  
  22  2:15  Zergling x2  
  24  2:22  Zergling x2  
  24  2:34  Zergling x2  
  25  2:40  Queen  
  27  2:45  Zergling x2, Metabolic Boost  
  28  2:54  Overlord  
  28  2:55  Drone  
  29  3:04  Queen  
  31  3:06  Drone, Zergling x2  
  33  3:14  Roach Warren  
  33  3:16  Drone x2  
  33  3:17  Zergling x4  
  36  3:25  Zergling x2  
  36  3:26  Drone  
  38  3:31  Drone  
  39  3:39  Drone  
  39  3:40  Queen  
  42  3:41  Overlord  
  42  3:46  Drone  
  43  3:49  Zergling x2  
  43  3:54  Drone, Evolution Chamber  
  44  3:55  Overlord  
  44  4:04  Zergling x4  
  44  4:05  Roach  
  44  4:08  Drone  
  49  4:11  Extractor  
  49  4:16  Roach  
  51  4:17  Drone x2  
  51  4:19  Drone  
  53  4:26  Queen  
  53  4:29  Drone  
  49  4:50  Spore Crawler  
  49  4:51  Roach  
  49  4:52  Roach x2  
  54  5:02  Drone x4, Spore Crawler  
  54  5:03  Drone x2  
  59  5:08  Zergling x2  
  60  5:18  Overlord x2  
  60  5:24  Spore Crawler  
  60  5:25  Overlord  
  59  5:29  Drone  
  59  5:31  Drone, Spore Crawler  
  60  5:38  Lair  
  60  5:42  Zergling x4  
  62  5:43  Drone  
  62  5:45  Drone  
  62  5:48  Zergling x2  
  65  5:50  Drone  
  66  5:58  Zergling x2, Drone x3  
  66  5:59  Drone  
  66  6:04  Roach  
  73  6:05  Roach  
  75  6:14  Drone  
  75  6:15  Drone  
  77  6:25  Overlord x4  
  77  6:28  Overlord  
  77  6:43  Drone  
  77  6:44  Drone  
  77  6:47  Drone x3  
  80  6:48  Drone  
  80  6:49  Hydralisk Den  
  80  6:52  Drone x3  
  85  6:55  Extractor  
  85  6:56  Drone x3, Extractor  
  85  6:57  Roach  
  88  7:07  Zergling x2  
  89  7:11  Pneumatized Carapace, Zergling x2  
  89  7:13  Overseer  
  89  7:15  Drone  
  91  7:19  Muscular Augments, Hydralisk  
  93  7:31  Zergling x2, Hydralisk  
  93  7:32  Hydralisk x2  
  93  7:36  Hatchery  
  99  7:52  Hydralisk  
  99  7:53  Hydralisk x3  
  107  7:59  Zergling x2  
  107  8:02  Overlord x3  
  107  8:04  Overseer  
  108  8:11  Overlord x2  
  108  8:19  Hydralisk x2, Queen  
  108  8:20  Hydralisk  
  108  8:22  Zergling x2, Queen  
  108  8:25  Zergling x2  
  120  8:31  Zergling x2  
  121  8:36  Hydralisk  
  121  8:39  Zergling x6  
  126  8:49  Hydralisk x2  
  130  8:56  Drone x4  
  130  8:57  Drone  
  135  9:05  Hydralisk  
  135  9:06  Drone, Hydralisk x2  
  135  9:07  Overlord  
  135  9:09  Zergling x2  
  143  9:20  Drone x4  
  143  9:21  Drone, Hydralisk  
  143  9:22  Extractor  
  149  9:25  Extractor  
  149  9:28  Zergling x2  
  149  9:31  Hydralisk x2  
  153  9:40  Zerg Missile Weapons Level 1  
  153  9:50  Hydralisk  
  153  9:51  Spire  
  154  9:55  Hydralisk  
  154  9:57  Zergling x10  
  154  9:58  Drone  
  154  9:59  Overlord x3  
  162  10:22  Hydralisk x5  
  162  10:23  Drone, Zergling x2  
  162  10:24  Zergling x4  
  162  10:25  Queen  
  178  10:40  Drone x2, Hydralisk x3  
  163  11:23  Zergling x4  
  163  11:24  Zergling x10, Hydralisk x2, Roach x3  
  138  11:26  Lair  
  117  11:33  Hydralisk  
  117  11:36  Hydralisk  
  117  11:37  Hydralisk x3  
  101  11:43  Zergling x2  
  101  11:46  Zergling x2  
  103  11:55  Hydralisk x2  
  103  11:57  Hydralisk  
  109  12:01  Hydralisk  
  109  12:03  Hydralisk  
  113  12:12  Hydralisk x2  
  113  12:14  Infestation Pit  
  116  12:22  Hydralisk x5  
  118  12:23  Hydralisk x4  
  118  12:29  Zergling x6, Hatchery  
  137  12:30  Zergling x2  
  137  12:36  Hydralisk  
  136  12:48  Hydralisk x4  
  136  12:49  Hydralisk  
  142  12:57  Zergling x12  
  137  13:00  Hydralisk x2  
  137  13:04  Hydralisk  
  142  13:06  Hydralisk  
  144  13:15  Hydralisk  
  144  13:16  Hydralisk x2  
  150  13:24  Hydralisk x2  
  154  13:31  Hydralisk x2  
  158  13:52  Hydralisk x5  
  158  13:53  Hydralisk  
  170  13:59  Hydralisk x2  
  168  14:35  Hydralisk x4  
  168  14:36  Hydralisk x5  
  182  14:39  Hydralisk x2  
  182  14:40  Hydralisk x2  
  190  14:50  Overlord x3  
  190  14:58  Zerg Missile Weapons Level 2  
  190  15:04  Evolution Chamber  
  189  15:14  Hydralisk  
  189  15:15  Hydralisk x4  
  199  15:27  Extractor  
  198  15:29  Extractor  
  198  15:30  Drone x2  
  199  16:06  Zergling x2  
  185  16:28  Hydralisk x5  
  185  16:29  Hydralisk x2  
  185  16:30  Zergling x2  
  198  16:58  Queen  
  193  17:09  Drone x3  
  193  17:10  Drone x3, Hydralisk x3  
  193  17:11  Hydralisk  
  193  17:14  Hydralisk x5  
  198  17:16  Zergling x2  
  199  18:03  Hydralisk x5  
  199  18:04  Hydralisk x5  
  191  18:08  Hydralisk x3  
  191  18:09  Hydralisk x3  
  168  18:15  Hydralisk x2  
  172  18:22  Hydralisk x2  
  172  18:26  Hydralisk x2  
  178  18:27  Hydralisk  
  178  18:28  Hydralisk  
  184  18:36  Queen  
  184  18:41  Hydralisk x2  
  186  18:43  Overlord x2  
  178  19:09  Hydralisk x6  
  180  19:10  Hydralisk  
  180  19:15  Hydralisk x3  
  180  19:16  Hydralisk  
  176  19:27  Hydralisk x3  
  176  19:28  Hydralisk x3  
Show
View Real Time Build Order
Export as new Build Order

scplayeer Protoss - Winner!

Build Orders: 1 Gate Expand, Oracle Opening 

Get SALT Encoding   

  12  0:01  Probe (Chrono Boost)  
  13  0:11  Probe (Chrono Boost)  
  14  0:19  Pylon  
  14  0:22  Probe (Chrono Boost)  
  15  0:37  Probe (Chrono Boost)  
  15  0:40  Gateway  
  16  0:48  Probe (Chrono Boost)  
  17  0:59  Probe (Chrono Boost)  
  18  1:05  Pylon  
  18  1:28  Nexus  
  18  1:32  Cybernetics Core  
  18  1:41  Assimilator  
  19  1:47  Zealot (Chrono Boost)  
  19  1:50  Probe  
  20  2:00  Assimilator  
  20  2:02  Probe  
  21  2:13  Zealot (Chrono Boost)  
  23  2:25  Pylon  
  23  2:39  Probe  
  23  2:40  Probe  
  25  2:46  Warp Gate (Chrono Boost)  
  25  2:48  Stargate  
  25  2:50  Probe  
  25  2:52  Probe  
  27  3:02  Probe  
  27  3:04  Probe  
  29  3:10  Adept  
  29  3:15  Probe  
  29  3:16  Probe  
  29  3:19  Pylon  
  34  3:30  Pylon  
  34  3:32  Oracle (Chrono Boost)  
  36  3:37  Adept  
  38  3:45  Probe  
  39  3:49  Probe  
  40  3:57  Probe  
  40  4:01  Robotics Facility  
  41  4:04  Probe  
  41  4:09  Probe (Chrono Boost)  
  43  4:18  Probe (Chrono Boost)  
  43  4:21  Probe (Chrono Boost)  
  45  4:28  Pylon  
  47  4:31  Assimilator  
  47  4:32  Probe (Chrono Boost), Mothership Core (Chrono Boost)  
  48  4:39  Assimilator  
  48  4:42  Probe (Chrono Boost)  
  49  4:49  Immortal (Chrono Boost)  
  49  4:50  Probe  
  49  4:51  Probe  
  52  5:01  Adept  
  54  5:09  Probe  
  54  5:11  Void Ray (Chrono Boost)  
  59  5:19  Probe  
  59  5:21  Immortal (Chrono Boost)  
  60  5:22  Probe  
  65  5:29  Pylon  
  65  5:36  Nexus  
  65  5:45  Pylon  
  65  5:48  Pylon  
  65  5:52  Immortal  
  69  6:06  Pylon  
  69  6:07  Probe  
  70  6:16  Void Ray (Chrono Boost)  
  70  6:17  Probe  
  75  6:21  Probe  
  76  6:31  Twilight Council  
  76  6:32  Forge  
  76  6:33  Observer  
  76  6:36  Forge  
  76  6:37  Probe  
  78  6:42  Probe  
  78  6:46  Pylon  
  79  6:51  Probe  
  79  6:53  Void Ray (Chrono Boost)  
  84  6:59  Probe  
  85  7:11  Probe  
  85  7:13  Pylon  
  86  7:16  Gateway  
  86  7:17  Probe  
  86  7:18  Gateway  
  87  7:27  Probe  
  88  7:31  Immortal  
  88  7:32  Zealot  
  88  7:36  Probe, Void Ray (Chrono Boost)  
  99  7:57  Protoss Ground Weapons Level 1 (Chrono Boost), Protoss Ground Armor Level 1 (Chrono Boost), Probe  
  100  8:04  Charge (Chrono Boost)  
  100  8:13  Assimilator  
  100  8:15  Zealot  
  100  8:16  Immortal  
  100  8:17  Void Ray, Assimilator  
  100  8:19  Zealot x2  
  114  8:37  Templar Archives  
  114  8:39  Forge  
  114  8:42  Probe  
  114  8:44  Probe x2  
  117  8:53  Probe  
  118  8:56  Probe  
  118  8:59  Observer  
  118  9:00  Void Ray  
  118  9:01  Probe, Pylon  
  118  9:02  Nexus  
  125  9:03  Photon Cannon  
  125  9:06  Pylon  
  125  9:12  Psionic Storm  
  125  9:22  High Templar x3, Pylon  
  131  9:27  Photon Cannon  
  131  9:29  Probe  
  132  9:32  Pylon  
  132  9:35  Pylon  
  132  9:36  Probe  
  134  9:38  Observer  
  134  9:41  Probe  
  134  9:42  Protoss Ground Armor Level 2 (Chrono Boost), Protoss Ground Weapons Level 2 (Chrono Boost)  
  134  9:44  Protoss Shields Level 1 (Chrono Boost)  
  135  9:48  Resonating Glaives (Chrono Boost)  
  136  10:00  Observer  
  136  10:13  Probe  
  136  10:14  Probe x2  
  136  10:15  Probe  
  136  10:20  High Templar  
  136  10:21  High Templar x2  
  146  10:24  Probe  
  146  10:26  Immortal  
  151  10:38  Gateway  
  151  10:46  Gateway  
  151  10:48  Gateway  
  151  10:51  Gateway  
  145  11:04  Gateway  
  145  11:05  Warp Prism, Gateway  
  145  11:10  Gateway  
  138  11:23  Archon  
  112  11:27  Zealot  
  112  11:28  Zealot x2  
  112  11:30  Void Ray  
  96  11:41  Immortal  
  100  11:50  Probe  
  100  11:51  Probe x2  
  100  11:53  High Templar x3  
  109  11:55  Probe  
  110  12:03  Probe, Pylon  
  110  12:05  Pylon  
  111  12:10  Probe  
  111  12:11  Probe  
  111  12:12  Probe  
  114  12:19  Probe  
  115  12:23  Gateway  
  115  12:25  Gateway  
  115  12:27  Gateway  
  115  12:29  Pylon  
  115  12:30  Assimilator  
  115  12:35  Assimilator  
  114  12:38  Mothership Core  
  114  12:44  Zealot  
  114  12:45  Zealot x3  
  109  13:04  Probe  
  109  13:05  Probe  
  108  13:08  Void Ray  
  108  13:09  Immortal  
  116  13:17  Gateway  
  116  13:18  Gateway x3  
  116  13:20  Gateway  
  116  13:21  Gateway  
  116  13:22  Gateway  
  116  13:23  Blink  
  116  13:24  Protoss Shields Level 2 (Chrono Boost), Protoss Ground Armor Level 3 (Chrono Boost), Protoss Ground Weapons Level 3 (Chrono Boost)  
  116  13:25  Pylon  
  116  13:26  Pylon  
  116  13:38  Gateway x2  
  116  13:41  Gateway x2  
  116  13:44  Gateway  
  116  13:45  Pylon  
  116  13:47  Zealot x5  
  116  13:48  Immortal, Zealot  
  128  13:50  Void Ray  
  128  13:53  Probe  
  137  13:57  Probe  
  137  13:59  Gateway  
  138  14:04  Gateway x2  
  138  14:06  Robotics Facility  
  138  14:09  Robotics Facility  
  138  14:12  Pylon  
  138  14:16  Zealot x6  
  138  14:17  Zealot  
  152  14:27  Zealot x3  
  156  14:33  Adept x3  
  150  14:48  High Templar x2  
  150  14:49  High Templar x2  
  158  14:54  Archon x2  
  158  15:01  Observer  
  159  15:08  Probe  
  160  15:20  Nexus  
  159  15:21  Zealot x3  
  159  15:22  Zealot  
  159  15:23  Pylon x2  
  159  15:24  High Templar x2  
  159  15:25  High Templar x2  
  159  15:26  Pylon  
  175  15:31  High Templar x4  
  175  15:32  High Templar x2  
  175  15:33  High Templar x2  
  191  15:36  Archon x2  
  191  15:37  Archon x3  
  191  15:50  Pylon  
  191  15:51  Archon, Pylon  
  191  15:53  Pylon  
  187  16:14  Zealot x4  
  187  16:44  Assimilator  
  187  16:50  Assimilator  
  187  17:00  Zealot x4  
  187  17:01  Zealot x5  
  179  17:19  Zealot  
  179  17:20  Zealot x6  
  179  17:21  Zealot x3  
  197  17:56  Pylon  
  197  17:58  Pylon  
  196  18:00  Pylon  
  158  18:11  Immortal x2  
  158  18:12  Immortal  
  160  18:18  High Templar x3  
  160  18:19  High Templar x2  
  170  18:20  High Templar x3  
  170  18:22  Adept x6  
  170  18:23  Adept x6  
  200  18:31  Pylon  
  200  18:32  Archon x2  
  200  18:33  Archon x2  
  193  19:05  Adept x7  
  199  19:15  Zealot x2  
  185  19:25  Zealot x2  
  185  19:26  Zealot x6  
  185  19:27  Zealot x2  
  152  19:45  Zealot x6  
  152  19:46  Zealot x6  
  152  19:47  Zealot x2  
Tags
 
Add a new tag
Caveats
  • Supply blocks, unpowered buildings, or Contaminate may cause inaccurate times.
  • Supply counts are checked every 10 seconds.